 Dungeon Crawl Stone Soup version 0.18-a0-1147-g8e8348b (webtiles) character file.

252 JarJarBinks the Shield-Bearer (level 6, -1/53 HPs)
             Began as a Hill Orc Fighter on Jan 22, 2016.
             Slain by inqbanana's ghost (5 damage)
             ... on level 4 of the Dungeon.
             The game lasted 00:08:29 (3009 turns).

JarJarBinks the Shield-Bearer (Hill Orc Fighter)    Turns: 3009, Time: 00:08:29

Health: -1/53      AC: 10    Str: 21    XL:     6   Next: 13%
Magic:  5/6        EV:  6    Int:  8    God:
Gold:   150        SH:  9    Dex: 10    Spells: 0 memorised, 5 levels left

rFire  . . .     SeeInvis .     a - +0 war axe
rCold  . . .     Gourm    .     n - +0 chain mail
rNeg   . . .     Faith    .     c - +0 shield
rPois  .         Spirit   .     e - +0 helmet
rElec  .         Dismiss  .     (no cloak)
rCorr  .         Reflect  .     (no gloves)
SustAt .         Harm     .     (no boots)
MR     .....                    (no amulet)
Stlth  ..........               (no ring)
                                (no ring)

@: slowed, very slow, not resistant to hostile enchantments, extremely
unstealthy
A: no striking features
a: no special abilities


You were on level 4 of the Dungeon.
You were not hungry.

You visited 1 branch of the dungeon, and saw 4 of its levels.

You collected 150 gold pieces.

Inventory:

Hand Weapons
 a - a +0 war axe (weapon)
Armour
 c - a +0 shield (worn)
 e - a +0 helmet (worn)
 n - a +0 chain mail (worn)
Scrolls
 h - 2 scrolls of noise {unknown}
 l - 3 scrolls of blinking {unknown}
 p - a scroll of identify {unknown}
Potions
 b - 2 potions of agility {unknown}
 d - 2 potions of curing {unknown}
 i - a potion of heal wounds {unknown}
 k - 2 potions of flight {unknown}
 m - a potion of lignification {unknown}
 o - 2 potions of invisibility {unknown}
 q - a potion of resistance {unknown}
Comestibles
 f - a slice of pizza
 g - 2 beef jerkies
 j - 2 meat rations


   Skills:
 + Level 4.6 Fighting
 + Level 4.0 Axes
 + Level 4.5 Armour
 + Level 1.4 Dodging
 + Level 0.1 Stealth
 + Level 4.8 Shields


You had 5 spell levels left.
You didn't know any spells.

Dungeon Overview and Level Annotations

Branches:
Dungeon (4/15)
 Temple: D:4-7

Altars:
Elyvilon
The Shining One

Annotations:
D:4 inqbanana's ghost, amateur MfCK


Message History

You hit the worm but do no damage.
The worm is moderately wounded.
The worm barely misses you. x2
You slash the worm!
The worm is almost dead.
You block the worm's attack.
You hit the worm.
The worm is almost dead.
You block the worm's attack.
You slash the worm!
You kill the worm!
Inqbanana's ghost (amateur Merfolk Chaos Knight) comes into view.
It is wielding a weapon of chaos.
Inqbanana's ghost turns its malevolent gaze towards you.
Inqbanana's ghost barely misses you. Inqbanana's ghost hits you.
* * * LOW HITPOINT WARNING * * *
You feel your power leaking away.
Inqbanana's ghost hits you but does no damage.
You block inqbanana's ghost's attack. Inqbanana's ghost hits you.
You die...

########## .....)...#
.#.#####.###############
.#.# #........W@.......
.#.# #.#..##########....
.#.##.###.# # .#.#.#
##.# .#..## #.. .....#
### ......# .#.##..#
.#....#.#


You could see inqbanana's ghost.

Vanquished Creatures
  The ghost of Naga1771 the Sneak, a weakling NaWz of Kikubaaqudgha (D:3)
  An orc wizard (D:3)
  Natasha (twice) (D:4)
  A hound skeleton (D:4)
  3 adders
  8 worms
  3 giant geckos (D:2)
  8 orcs (D:3)
  2 giant cockroaches
  12 goblins
  4 hobgoblins
  3 jackals (D:3)
  A ball python (D:4)
  4 bats
  3 giant newts
  7 kobolds
  4 rats
67 creatures vanquished.

Notes
Turn   | Place    | Note
--------------------------------------------------------------
     0 | D:1      | JarJarBinks the Hill Orc Fighter began the quest for the Orb.
     0 | D:1      | Reached XP level 1. HP: 19/19 MP: 1/1
   186 | D:1      | Reached XP level 2. HP: 27/27 MP: 2/2
   579 | D:1      | Reached XP level 3. HP: 33/33 MP: 3/3
  1209 | D:2      | Reached skill level 4 in Shields
  1470 | D:2      | Found a white marble altar of Elyvilon.
  1486 | D:2      | Reached XP level 4. HP: 36/40 MP: 4/4
  1669 | D:2      | Reached skill level 1 in Dodging
  1754 | D:2      | Found a glowing golden altar of the Shining One.
  2007 | D:3      | Noticed Naga1771's ghost (weakling NaWz)
  2060 | D:3      | Killed Naga1771's ghost
  2060 | D:3      | Reached XP level 5. HP: 4/46 MP: 5/5
  2906 | D:4      | Noticed Natasha
  2926 | D:4      | Killed Natasha
  2955 | D:4      | Noticed Natasha
  2968 | D:4      | Reached XP level 6. HP: 33/53 MP: 6/6
  2977 | D:4      | Killed Natasha
  2990 | D:4      | HP: 2/53 [worm (7)]
  3001 | D:4      | Noticed inqbanana's ghost (amateur MfCK)
  3003 | D:4      | HP: 2/53 [inqbanana's ghost (3)]
  3009 | D:4      | Slain by inqbanana's ghost

Vault maps used:
D:1:      evilmike_arrival_run_for_it
D:2:      lemuel_doored_altar, elyvilon_altar_5
D:4:      grunt_qazlal_clouds, uniq_natasha

Action                   |  1- 3 |  4- 6 || total
-------------------------+-------+-------++-------
Melee: War axe           |   136 |   157 ||   293
  Use: Potion            |       |     1 ||     1
  Eat: Bread ration      |     1 |     1 ||     2
